 Dungeon Crawl Stone Soup version 0.21.1-75-g79f4511 (webtiles) character file.

85 Gildeon the Insei (level 4, -2/29 HPs)
             Began as an Octopode Transmuter on Aug 19, 2018.
             Slain by a gnoll
             ... wielding a +0 spear
              (6 damage)
             ... on level 2 of the Dungeon.
             The game lasted 00:05:39 (1691 turns).

Gildeon the Insei (Octopode Transmuter)             Turns: 1691, Time: 00:05:40

Health: -2/29      AC:  1    Str: 10    XL:     4   Next: 48%
Magic:  7/7        EV: 13    Int: 15    God:
Gold:   54         SH:  0    Dex: 12    Spells: 1/7 levels left

rFire    . . .     SeeInvis .     - Unarmed
rCold    . . .     Gourm    .   (no shield)
rNeg     . . .     Faith    .   (helmet restricted)
rPois    .         Spirit   .   (no amulet)
rElec    .         Reflect  .   (no ring)
rCorr    .         Harm     .   (no ring)
MR       .....                  (no ring)
Stlth    +++.......             (no ring)
HPRegen  0.09/turn              (no ring)
MPRegen  0.10/turn              (no ring)
                                (no ring)
                                (no ring)

@: no status effects
A: almost no armour, stealthy swim, amphibious, 8 rings, constrict 8, camouflage
1, gelatinous body 1
a: no special abilities


You were on level 2 of the Dungeon.
You were not hungry.

You visited 1 branch of the dungeon, and saw 2 of its levels.

You collected 54 gold pieces.

Inventory:

Missiles
 a - 37 arrows
Scrolls
 g - 2 scrolls of remove curse
 h - a scroll of magic mapping {unknown}
Potions
 e - 2 potions of berserk rage
 f - a potion of curing {unknown}
 i - a potion of flight {unknown}
 j - a potion of brilliance {unknown}
 k - a potion of ambrosia {unknown}
Books
 b - a book of Changes

   Spells                             Type                      Level
   a - Beastly Appendage              Transmutation                1
   b - Sticks to Snakes               Transmutation                2
   c - Spider Form                    Transmutation/Poison         3
   d - Ice Form                       Ice/Transmutation            4
   e - Blade Hands                    Transmutation                5
Comestibles
 c - 3 rations
 d - 8 chunks of flesh


   Skills:
 + Level 1.7 Fighting
 + Level 2.5 Dodging
 + Level 2.0 Stealth
 + Level 3.4 Unarmed Combat
 + Level 2.4 Spellcasting
 + Level 2.5 Transmutations


You had one spell level left.
You knew the following spells:

 Your Spells              Type           Power        Failure   Level  Hunger
a - Beastly Appendage     Tmut           #.....       8%          1    #......
b - Sticks to Snakes      Tmut           #.......     11%         2    ###....
c - Spider Form           Tmut/Pois      #.........   36%         3    ###....


Dungeon Overview and Level Annotations

Branches:
Dungeon (2/15)

Altars:


Innate Abilities, Weirdness & Mutations

You cannot wear most types of armour.
You are very stealthy in the water. (Stealth+)
You are amphibious.
You can wear up to eight rings at the same time.
You can use your tentacles to constrict eight enemies at once.
Your skin changes colour to match your surroundings (Stealth+).
Your rubbery body absorbs attacks. (AC +1, EV +1)


Message History

The gnoll shouts!
You tentacle-slap the gnoll. You grab the gnoll.
You pierce the gnoll.
The gnoll is severely wounded.
You constrict the gnoll, but do no damage.
The gnoll hits you with a halberd.
You tentacle-slap the gnoll.
You kill the gnoll!
Your Stealth skill increases to level 2!
The gnoll hits you with a spear.
Items here: $ ( ) [ † a halberd; 16 stones; a leather armour; 12 gold pieces; a gnoll corpse You barely miss the gnoll.
You grab the gnoll.
Your tentacle spike disappears.
You constrict the gnoll. The gnoll hits you with a spear!
* * * LOW HITPOINT WARNING * * *
You tentacle-slap the gnoll.
The gnoll is heavily wounded.
You constrict the gnoll, but do no damage.
The gnoll hits you with a spear.
You die...

#...####.........#
.......#.........#
######.#.........# #
#.#........g# #
#.#.........#
######.#........(#
.......#.........#
#####...........g#
#####...........@#######
....÷.............))...#
#####....#############.#
#.%..# ..# #.........
#.# #......... .#
#......... .. #....#####
.. #....# ..


You could see a gnoll and a hobgoblin.

Vanquished Creatures
  3 gnolls (D:2)
  A worm (D:2)
  2 dart slugs (D:2)
  2 leopard geckos (D:1)
  A ball python (D:2)
  7 bats
  4 giant cockroaches
  5 goblins (D:1)
  2 hobgoblins (D:1)
  7 jackals
  6 kobolds
  2 frilled lizards (D:1)
  2 rats (D:1)
44 creatures vanquished.

Notes
Turn   | Place    | Note
-------+----------+-------------------------------------------
     0 | D:1      | Gildeon the Octopode Transmuter began the quest for the Orb.
     0 | D:1      | Reached XP level 1. HP: 13/13 MP: 3/3
   145 | D:1      | Reached XP level 2. HP: 12/18 MP: 5/5
   322 | D:1      | Reached skill level 1 in Stealth
   432 | D:1      | Learned a level 2 spell: Sticks to Snakes
   590 | D:1      | Reached XP level 3. HP: 8/23 MP: 6/6
   800 | D:1      | Learned a level 3 spell: Spider Form
  1230 | D:2      | Reached XP level 4. HP: 2/29 MP: 5/7
  1691 | D:2      | Slain by a gnoll

Skill      XL: |  1  2  3  4 |
---------------+-------------+-----
Stealth        | 1 2 |  2.0
Fighting       | |  1.7
Dodging        | |  2.5
Unarmed Combat | |  3.4
Spellcasting   | |  2.4
Transmutations | |  2.5

Action                   |  1- 3 |  4- 6 || total
-------------------------+-------+-------++-------
Melee: Unarmed           |    84 |    14 ||    98
       Constrict         |    27 |     7 ||    34
       Tentacles         |    10 |     2 ||    12
       Kick              |    17 |     6 ||    23
       Punch             |     2 |       ||     2
 Cast: Beastly Appendage |    18 |     3 ||    21
  Use: Scroll            |     3 |       ||     3
 Stab: Sleeping          |     5 |       ||     5
  Eat: Chunk             |     1 |     2 ||     3
Armor: Skin              |     7 |       ||     7
Dodge: Dodged            |    60 |     7 ||    67
